 Dungeon Sprint DCSS version 0.16-a0-4004-g8d6611c (webtiles) character file.

7000000 PolkaDot the Ninja (level 24, -112/158 HPs)
             Began as a Spriggan Assassin on Feb 15, 2015.
             Was the Champion of Makhleb.
             Annihilated by a sculptor of flesh
             ... wielding a +9 great sword
              (259 damage)
             ... in the Dungeon (Sprint VIII: "Arena of Blood").
             The game lasted 00:03:36 (70 turns).

PolkaDot the Ninja (Spriggan Assassin)                Turns: 70, Time: 00:03:37

Health: -112/158   AC:  6    Str:  7      XL:     24   Next: 59%
Magic:  35/50      EV: 44    Int: 15      God:    Makhleb [******]
Gold:   0          SH:  0    Dex: 23 (26) Spells: 0 memorised, 77 levels left

rFire  . . .     SeeInvis +     n - +∞ Axe of Woe
rCold  . . .     Clarity  .     c - +0 robe
rNeg   . . .     SustAb   .     (shield restricted)
rPois  .         Gourm    .     (helmet restricted)
rElec  .         Spirit   .     d - +0 cloak
rCorr  .         Warding  .     (gloves unavailable)
rMut   .         NoTele   +     (boots unavailable)
MR     ++++.                    (no amulet)
Stlth  ++++++++++               (no ring)
                                (no ring)

@: very quick, incredibly resistant to hostile enchantments, uncannily stealthy
A: unfitting armour, see invisible, herbivore 3, speed 3, slow metabolism 2
a: Minor Destruction, Lesser Servant of Makhleb, Major Destruction, Greater
Servant of Makhleb, Renounce Religion


You were in the Dungeon.
You worshipped Makhleb.
Makhleb was exalted by your worship.
You were not hungry.

You visited 1 branch

Inventory:

Hand weapons
 n - the +∞ Axe of Woe (weapon)
   (You found it in the Dungeon)
Armour
 c - a +0 robe (worn)
 d - a +0 cloak (worn)
Scrolls
 m - a scroll of blinking
Potions
 h - a potion of curing
 j - a potion of haste
 k - 2 potions of magic
 l - a potion of berserk rage
Comestibles
 g - a bread ration


   Skills:
 O Level 27 Fighting
   Level 2.1 Short Blades
 O Level 27 Axes
 O Level 27 Throwing
 O Level 27 Armour
 O Level 27 Dodging
 O Level 27 Stealth
 O Level 27 Unarmed Combat
 O Level 27 Spellcasting
 O Level 27 Invocations


You had 77 spell levels left.
You didn't know any spells.

Dungeon Overview and Level Annotations

Branches:
Dungeon (1/1)

Altars:
Makhleb


Innate Abilities, Weirdness & Mutations

You are tiny and cannot use many weapons and most armour.
You have supernaturally acute eyesight.
You are a herbivore.
You cover ground extremely quickly.
You need consume almost no food.


Message History

The meat berserker moves out of view.
You hear a shout! x2
You hit the accursed.
You butcher the accursed messily.
You destroy the accursed!
Makhleb accepts your kill.
You feel a little better.
You feel extremely nervous for a moment...
You feel clumsy.
You slash the bag of meat!
You cleave the bag of meat in twain.
You kill the bag of meat!
Makhleb accepts your kill.
You hear a shout! x3
The destroyer blinks!
The accursed points at you and mumbles some strange words.
Something smites you!
You hear a shout!
You hear a shout! x3
The sculptor of flesh hits you with a +9 great sword!!!!!
Ouch! That really hurt!
You die...

....... .. .
##.....##.##..
.......%...%....
..........#.#....
..%..%.%.....§....
#.....)))§§....%..
..#....))§§§%......
.......)V§)§x.......
.........))@zo.%....
......#...))o§#.....
.....#.....%.# ...
....###..)....###.
.......OO###.......
.#.....).)_....M...
.......#)....#.....
......#_.<._#.. .
......#.....#


You could see an accursed, a destroyer, a sculptor of flesh, 2 meat berserkers,
a small abomination and 2 bags of meat.

Vanquished Creatures
  Harold (D)
  Sigmund (D)
  A greater mummy (D)
  2 hill giants (D)
  A hydra (D)
  2 liches (D)
  17 ogres (D)
  53 orcs (D)
  2 skeletal warriors (D)
  6 vampire knights (D)
  5 large abominations (D)
  6 small abominations (D)
  2 crawling corpses (D)
99 creatures vanquished.

Vanquished Creatures (others)
  2 crawling corpses (D)
2 creatures vanquished.

Grand Total: 101 creatures vanquished

Notes
Turn   | Place    | Note
--------------------------------------------------------------
     0 | D        | PolkaDot, the Spriggan Assassin, began the quest for the Orb.
     0 | D        | Reached XP level 1. HP: 10/10 MP: 2/2
     3 | D        | Noticed a bag of meat
     3 | D        | Noticed a bag of meat
     4 | D        | Noticed a bag of meat
     6 | D        | Noticed a bag of meat
     6 | D        | Noticed a bag of meat
     8 | D        | Became a worshipper of Makhleb the Destroyer
    11 | D        | Noticed a meat berserker
    12 | D        | Noticed a meat berserker
    12 | D        | Killed a bag of meat
    12 | D        | Reached skill level 11 in Fighting
    12 | D        | Reached skill level 13 in Throwing
    12 | D        | Reached skill level 10 in Dodging
    12 | D        | Reached skill level 27 in Stealth
    12 | D        | Reached XP level 2. HP: 11/25 MP: 4/4
    12 | D        | Reached XP level 3. HP: 13/30 MP: 6/6
    12 | D        | Reached XP level 4. HP: 15/35 MP: 8/8
    12 | D        | Reached XP level 5. HP: 16/38 MP: 10/10
    12 | D        | Reached XP level 6. HP: 18/43 MP: 12/12
    12 | D        | Reached XP level 7. HP: 19/47 MP: 14/14
    12 | D        | Reached XP level 8. HP: 21/52 MP: 16/16
    12 | D        | Reached XP level 9. HP: 22/56 MP: 18/18
    12 | D        | Reached XP level 10. HP: 23/60 MP: 19/19
    12 | D        | Reached XP level 11. HP: 24/65 MP: 20/20
    13 | D        | Noticed a meat berserker
    13 | D        | Killed a bag of meat
    13 | D        | Acquired Makhleb's first power
    13 | D        | Reached XP level 12. HP: 25/74 MP: 21/21
    13 | D        | Noticed a bag of meat
    14 | D        | Noticed a bag of meat
    14 | D        | Killed a meat berserker
    14 | D        | Reached XP level 13. HP: 26/81 MP: 22/22
    15 | D        | Noticed a bag of meat
    15 | D        | Killed a bag of meat
    15 | D        | Acquired Makhleb's second power
    15 | D        | Killed a meat berserker
    15 | D        | Reached skill level 10 in Axes
    15 | D        | Reached skill level 15 in Dodging
    15 | D        | Reached XP level 14. HP: 27/91 MP: 23/23
    16 | D        | Noticed a bag of meat
    16 | D        | Killed a meat berserker
    16 | D        | Acquired Makhleb's third power
    17 | D        | Noticed a bag of meat
    17 | D        | Killed a bag of meat
    17 | D        | Reached XP level 15. HP: 82/100 MP: 24/24
    17 | D        | Killed a bag of meat
    17 | D        | Acquired Makhleb's fourth power
    18 | D        | Noticed a bag of meat
    18 | D        | Noticed a bag of meat
    18 | D        | Noticed a bag of meat
    18 | D        | Noticed a bag of meat
    19 | D        | Noticed a meat berserker
    19 | D        | Killed a bag of meat
    21 | D        | Noticed a bag of meat
    22 | D        | Noticed a bag of meat
    23 | D        | Noticed a large bag of meat
    23 | D        | Noticed a bag of meat
    23 | D        | Noticed a bag of meat
    23 | D        | Noticed a bag of meat
    23 | D        | Noticed a bag of meat
    23 | D        | Noticed a bag of meat
    24 | D        | Noticed a meat berserker
    26 | D        | Noticed a bag of meat
    26 | D        | Noticed a bag of meat
    26 | D        | Noticed a bag of meat
    26 | D        | Killed a bag of meat
    26 | D        | Reached skill level 15 in Axes
    27 | D        | Noticed a bag of meat
    27 | D        | Noticed a meat berserker
    27 | D        | Noticed a destroyer
    27 | D        | Noticed a destroyer
    28 | D        | Noticed a bag of meat
    28 | D        | Noticed a bag of meat
    28 | D        | Noticed a bag of meat
    29 | D        | Killed a bag of meat
    29 | D        | Reached XP level 16. HP: 106/110 MP: 25/25
    29 | D        | Killed a bag of meat
    29 | D        | Acquired Makhleb's fifth power
    29 | D        | Killed a bag of meat
    29 | D        | Killed a bag of meat
    29 | D        | Reached skill level 27 in Throwing
    29 | D        | Killed a meat berserker
    29 | D        | Reached XP level 17. HP: 118/121 MP: 26/26
    30 | D        | Noticed a bag of meat
    30 | D        | Noticed a destroyer
    30 | D        | Noticed an eight-headed meat hydra
    31 | D        | Noticed a bag of meat
    31 | D        | Noticed a meat berserker
    31 | D        | Killed a bag of meat
    31 | D        | Reached skill level 27 in Fighting
    31 | D        | Killed a large bag of meat
    31 | D        | Killed a bag of meat
    31 | D        | Killed a bag of meat
    31 | D        | Killed a bag of meat
    31 | D        | Reached XP level 18. HP: 127/127 MP: 27/27
    31 | D        | Killed a meat berserker
    32 | D        | Killed a bag of meat
    32 | D        | Reached skill level 27 in Axes
    32 | D        | Killed a meat berserker
    32 | D        | Killed a bag of meat
    32 | D        | Reached skill level 27 in Dodging
    32 | D        | Killed a bag of meat
    32 | D        | Reached skill level 5 in Spellcasting
    32 | D        | Killed a bag of meat
    32 | D        | Reached skill level 5 in Armour
    32 | D        | Reached skill level 5 in Unarmed Combat
    33 | D        | Noticed a bag of meat
    33 | D        | Noticed a meat berserker
    33 | D        | Killed a destroyer
    34 | D        | Noticed a bag of meat
    34 | D        | Killed a destroyer
    34 | D        | Reached XP level 19. HP: 132/132 MP: 27/40
    34 | D        | Killed a bag of meat
    34 | D        | Reached skill level 10 in Armour
    34 | D        | Reached skill level 15 in Spellcasting
    34 | D        | Killed a destroyer
    35 | D        | Killed a bag of meat
    36 | D        | Noticed a bag of meat
    36 | D        | Killed a bag of meat
    36 | D        | Reached skill level 15 in Invocations
    36 | D        | Killed a bag of meat
    36 | D        | Killed a bag of meat
    37 | D        | Noticed a meat berserker
    37 | D        | Noticed The Servant
    37 | D        | Killed a meat berserker
    37 | D        | Killed a bag of meat
    38 | D        | Killed a nine-headed meat hydra
    38 | D        | Killed a meat berserker
    39 | D        | Noticed a bag of meat
    39 | D        | Noticed a bag of meat
    39 | D        | Killed a bag of meat
    39 | D        | Reached skill level 15 in Unarmed Combat
    40 | D        | Noticed a large bag of meat
    40 | D        | Noticed a bag of meat
    40 | D        | Noticed a destroyer
    40 | D        | Noticed a bag of meat
    42 | D        | Noticed a bag of meat
    42 | D        | Noticed a bag of meat
    42 | D        | Killed a bag of meat
    42 | D        | Killed a bag of meat
    43 | D        | Noticed a bag of meat
    43 | D        | Noticed a bag of meat
    43 | D        | Noticed a destroyer
    44 | D        | Noticed a bag of meat
    44 | D        | Noticed a bag of meat
    44 | D        | Killed a bag of meat
    44 | D        | Reached skill level 15 in Armour
    44 | D        | Reached XP level 20. HP: 98/137 MP: 29/46
    44 | D        | Killed a bag of meat
    44 | D        | Killed a meat berserker
    44 | D        | Killed a bag of meat
    44 | D        | HP: 1/137 [The Servant/+9 glaive of flaming (19)]
    45 | D        | Noticed a sculptor of flesh
    45 | D        | Noticed a meat berserker
    45 | D        | Noticed a meat berserker
    46 | D        | Noticed a bag of meat
    46 | D        | Noticed a bag of meat
    47 | D        | Killed The Servant
    47 | D        | Killed a destroyer
    47 | D        | Noticed a bag of meat
    48 | D        | Noticed a bag of meat
    48 | D        | Noticed a meat berserker
    48 | D        | Killed a destroyer
    48 | D        | Killed a bag of meat
    48 | D        | Killed a bag of meat
    48 | D        | Reached skill level 27 in Spellcasting
    48 | D        | Reached XP level 21. HP: 142/142 MP: 30/48
    48 | D        | Killed a bag of meat
    49 | D        | Noticed a bag of meat
    49 | D        | Killed a meat berserker
    49 | D        | Killed a large bag of meat
    50 | D        | Noticed a meat berserker
    50 | D        | Killed a meat berserker
    50 | D        | Killed a bag of meat
    51 | D        | Noticed a bag of meat
    51 | D        | Killed a bag of meat
    51 | D        | Reached skill level 27 in Invocations
    52 | D        | Killed a meat berserker
    52 | D        | Killed a meat berserker
    52 | D        | Killed a bag of meat
    53 | D        | Noticed an accursed
    53 | D        | Killed a bag of meat
    53 | D        | Killed a bag of meat
    53 | D        | Reached XP level 22. HP: 148/148 MP: 31/49
    53 | D        | Killed a bag of meat
    53 | D        | Reached skill level 27 in Unarmed Combat
    54 | D        | Noticed a bag of meat
    54 | D        | Noticed a meat berserker
    54 | D        | Noticed a meat berserker
    54 | D        | Killed a bag of meat
    55 | D        | Noticed a destroyer
    55 | D        | Noticed a bag of meat
    55 | D        | Noticed a destroyer
    55 | D        | Killed a bag of meat
    55 | D        | Reached skill level 27 in Armour
    55 | D        | Killed a bag of meat
    55 | D        | Killed a bag of meat
    56 | D        | Noticed a sculptor of flesh
    56 | D        | Noticed a tyrant
    56 | D        | Killed a tyrant
    57 | D        | Noticed a tyrant
    57 | D        | Noticed a meat berserker
    57 | D        | Noticed a bag of meat
    57 | D        | Killed a bag of meat
    57 | D        | Killed a bag of meat
    58 | D        | Noticed a sculptor of flesh
    58 | D        | Noticed a bag of meat
    58 | D        | Killed a bag of meat
    58 | D        | Reached XP level 23. HP: 153/153 MP: 32/49
    58 | D        | Killed a bag of meat
    59 | D        | Noticed a bag of meat
    59 | D        | Killed a meat berserker
    60 | D        | Noticed a bag of meat
    61 | D        | Noticed The Captor
    61 | D        | Killed a meat berserker
    62 | D        | Noticed a meat berserker
    62 | D        | Killed a bag of meat
    62 | D        | Killed a destroyer
    62 | D        | Noticed a bag of meat
    64 | D        | Noticed an accursed
    64 | D        | Killed The Captor
    64 | D        | Killed a sculptor of flesh
    65 | D        | Noticed a meat berserker
    65 | D        | Killed a meat berserker
    65 | D        | Killed a bag of meat
    65 | D        | Reached XP level 24. HP: 158/158 MP: 34/50
    66 | D        | Killed a bag of meat
    67 | D        | Killed a sculptor of flesh
    67 | D        | Killed a bag of meat
    67 | D        | Killed a tyrant
    68 | D        | Noticed a meat berserker
    68 | D        | Noticed a meat berserker
    68 | D        | Killed a meat berserker
    69 | D        | Killed an accursed
    69 | D        | Killed a bag of meat
    70 | D        | Annihilated by a sculptor of flesh

Action                   |  1- 3 |  4- 6 |  7- 9 | 10-12 | 13-15 | 16-18 | 19-21 | 22-24 || total
-------------------------+-------+-------+-------+-------+-------+-------+-------+-------++-------
Melee: Broad axe         |     1 |       |       |     2 |     6 |     4 |    14 |    15 ||    42
  Use: Potion            |       |       |       |       |       |       |     1 |       ||     1
 Stab: Distracted        |       |       |       |       |       |       |       |     1 ||     1
